 Dungeon Crawl Stone Soup version 0.27-a0-1071-ga85bd9520d (webtiles) character file.

Game seed: 1482272491038071148

1353 leviel the Cleaver (level 8, 0/74 HPs)
             Began as a Hill Orc Fighter on Apr 24, 2021.
             Slain by Maggie
             ... wielding a +1 scimitar of distortion
              (4 damage)
             ... on level 6 of the Dungeon.
             The game lasted 00:08:18 (7044 turns).

leviel the Cleaver (Hill Orc Fighter)               Turns: 7044, Time: 00:08:19

Health: 0/74       AC:  7    Str: 21    XL:     8   Next: 63%
Magic:  8/8        EV:  7    Int:  8    God:
Gold:   1481       SH: 15    Dex: 10    Spells: 7/7 levels left

rFire    + . .     SeeInvis .   a - +1 war axe
rCold    + . .     Faith    .   c - +1 kite shield
rNeg     . . .     Spirit   .   b - +0 scale mail
rPois    +         Reflect  +   (no helmet)
rElec    +         Harm     .   (no cloak)
rCorr    +         Rampage  .   (no gloves)
Will     .....                  (no boots)
Stlth    ..........             m - amulet of reflection
HPRegen  0.22/turn              g - +4 ring of slaying
MPRegen  0.11/turn              (no ring)

@: resistant
A: no striking features
a: no special abilities


You were on level 6 of the Dungeon.
You visited 1 branch of the dungeon, and saw 6 of its levels.
You also visited: Ossuary.

You collected 1481 gold pieces.

Inventory:

Hand Weapons
 a - a +1 war axe (weapon)
Armour
 b - a +0 scale mail (worn)
 c - a +1 kite shield (worn)
Jewellery
 g - a +4 ring of slaying (left hand)
 m - an amulet of reflection (around neck)
Wands
 h - a wand of acid (9)
Scrolls
 o - a scroll of teleportation
Potions
 d - 2 potions of attraction
 e - a potion of berserk rage {!q}
 f - 3 potions of cancellation
 i - 4 potions of heal wounds {unknown}
 j - a potion of flight
 l - 3 potions of brilliance {unknown}
 p - a potion of lignification
 q - 2 potions of degeneration {unknown}
 r - a potion of curing


   Skills:
 + Level 7.8 Fighting
 * Level 10.5 Axes
 - Level 4.1 Armour
 - Level 4.1 Shields


You had 7 spell levels left.
You didn't know any spells.
Your spell library contained the following spells:

 Spells                   Type           Power      Damage    Failure   Level
 Animate Skeleton         Necr           0%         N/A       99%         1
 Beastly Appendage        Tmut           0%         N/A       99%         1
 Pain                     Necr           0%         1d4       99%         1
 Wereblood                Tmut           0%         N/A       100%        2
 Spider Form              Tmut/Pois      0%         N/A       100%        3
 Vampiric Draining        Necr           0%         2d6       100%        3
 Animate Dead             Necr           0%         N/A       100%        4
 Ice Form                 Ice/Tmut       0%         N/A       100%        4
 Agony                    Necr           0%         N/A       100%        5
 Hydra Form               Tmut           0%         N/A       100%        5


Dungeon Overview and Level Annotations

Branches:
Dungeon (6/15)            Ossuary (visited)
 Temple: D:4-7

Altars:

Shops:
D:1 (::   D:3 (   D:5 :

Annotations:
D:3 Grinder
D:6 Maggie


Message History

No target in view!
No target in view!
No target in view!
No target in view!
No target in view!
No target in view!
Maggie the Vainglorious comes into view.
She is wielding a +1 scimitar of distortion.
Maggie shouts!
Maggie mumbles some strange words.
Maggie attempts to bespell you!
You are mesmerised by Maggie!
You hit Maggie.
Maggie is lightly wounded.
Maggie casts a spell at you. The bolt of fire hits you!
You slash Maggie!
Maggie is lightly wounded.
Maggie barely misses you.
You closely miss Maggie.
Maggie is lightly wounded.
Maggie points at you and mumbles some strange words.
The bolt of fire hits you!! You block Maggie's attack.
You are too injured to fight recklessly!
You feel protected.
Maggie hits you with a +1 scimitar of distortion.
You hit Maggie.
Maggie is moderately wounded.
Maggie hits you with a +1 scimitar of distortion.
You slice Maggie!!
Maggie is heavily wounded.
You break out of your daze.
Maggie hits you with a +1 scimitar of distortion.
* * * LOW HITPOINT WARNING * * *
Okay, then.
You closely miss Maggie.
Maggie is heavily wounded.
Maggie hits you with a +1 scimitar of distortion!
* * * LOW HITPOINT WARNING * * *
Space bends around you.
You die...

..[..............### .#
.##................##.#
.###..................#
.###................#.#
...................## #
...................#
..............?...##
..................#
................@.#
................@.#
...................#
...................#
####................
.................
.........#####....
###..... .....


You could see Maggie.

Vanquished Creatures
  Eustachio (D:5)
  Menkaure (D:5)
  A sky beast (D:5)
  A black bear (D:4)
  3 phantoms
  Blork the orc (D:5)
  2 scorpions (D:5)
  A water moccasin skeleton (D:2)
  3 hounds
  A bullfrog skeleton (D:6)
  A jelly (D:5)
  2 orc priests (D:4)
  An iguana (D:4)
  An orc wizard (D:4)
  8 mummies (Ossuary)
  2 adders
  2 ufetubi
  10 orcs
  8 endoplasms
  2 giant cockroaches
  6 goblins
  10 hobgoblins
  4 jackals (D:2)
  5 quokkas
  5 ball pythons
  5 bats
  A frilled lizard (D:3)
  4 hobgoblin zombies (Ossuary)
  6 kobolds
  2 kobold zombies (Ossuary)
  2 orc zombies (Ossuary)
  2 rats
104 creatures vanquished.

Notes
Turn   | Place    | Note
-------+----------+-------------------------------------------
     0 | D:1      | leviel the Hill Orc Fighter began the quest for the Orb.
     0 | D:1      | Reached XP level 1. HP: 19/19 MP: 1/1
   270 | D:1      | Reached XP level 2. HP: 12/27 MP: 2/2
   440 | D:1      | Reached skill level 3 in Axes
   681 | D:1      | Found Ryewosu's Book Shop.
   759 | D:1      | Found Tiaghiejei's Book Boutique.
   837 | D:1      | Found Giylack's Antique Weapon Emporium.
  1034 | D:1      | Reached XP level 3. HP: 32/33 MP: 3/3
  1923 | D:2      | Reached XP level 4. HP: 36/40 MP: 4/4
  2132 | D:2      | Reached skill level 4 in Axes
  2435 | D:3      | Reached XP level 5. HP: 47/47 MP: 5/5
  2555 | D:3      | Found Ganwuoqynea's Weapon Shop.
  2635 | D:3      | Found a faded altar of an unknown god.
  2979 | D:3      | Noticed Grinder
  3570 | D:4      | Reached skill level 5 in Axes
  3618 | D:4      | Reached skill level 5 in Fighting
  3620 | D:4      | Reached XP level 6. HP: 52/56 MP: 6/6
  3759 | D:4      | Reached skill level 6 in Axes
  4341 | D:4      | Noticed a black bear
  4344 | D:5      | Entered Level 5 of the Dungeon
  4393 | D:5      | Noticed a sky beast
  4408 | D:5      | Killed a sky beast
  4409 | D:5      | Reached skill level 7 in Axes
  4409 | D:5      | Reached XP level 7. HP: 34/62 MP: 7/7
  4627 | D:5      | Found a sand-covered staircase.
  4632 | Ossuary  | Entered an ossuary
  5113 | D:5      | Identified a scroll of acquirement
  5113 | D:5      | Acquired 1035 gold pieces
  5145 | D:5      | Noticed Blork the orc
  5149 | D:5      | Killed Blork the orc
  5179 | D:5      | Found Esaivacs's Book Shop.
  5191 | D:5      | Noticed Menkaure
  5416 | D:4      | Reached skill level 8 in Axes
  6112 | D:5      | Reached XP level 8. HP: 26/71 MP: 8/8
  6121 | D:5      | Reached skill level 9 in Axes
  6359 | D:5      | Noticed Eustachio
  6390 | D:5      | Killed Eustachio
  6633 | D:5      | Killed Menkaure
  6634 | D:5      | Reached skill level 10 in Axes
  7034 | D:6      | Noticed Maggie
  7044 | D:6      | Slain by Maggie

Illustrated notes

Levels and vault maps discovered:
D:1:      lightli_arrival_noodles, layout_loops_ring, serial_glass,
          glass_columns_b, glass_columns_b, glass_columns_c, serial_shops,
          nicolae_shop_trees, nicolae_shop_stone, shop, minmay_tetromino_i2
D:2:      layout_loops_ring, wad_orctagon
D:3:      layout_basic, hellmonk_ecumenical_altar_arch_garden, serial_shops,
          shop, minmay_misc_feat_chi, dk_noncrumbling_4, serial_bayou_pond_e,
          uniq_grinder
D:4:      layout_gridville
D:5:      layout_basic, serial_shops, shop, enter_ossuary_2, uniq_eustachio,
          uniq_blork_the_orc, uniq_menkaure
D:6:      layout_layer_cave, minmay_temple_entry_glassed_door, uniq_maggie

Skill      XL: |  1  2  3  4  5  6  7  8 |
---------------+-------------------------+-----
Axes           | 3 4 5 7 8 10 | 10.5
Fighting       | 4 5 6 7 |  7.8
Armour         | 4 |  4.1
Shields        | 4 |  4.1

Action                   |  1- 3 |  4- 6 |  7- 9 || total
-------------------------+-------+-------+-------++-------
Melee: War axe           |    90 |   124 |   121 ||   335
  Use: Scroll            |     2 |     1 |    10 ||    13
       Potion            |       |     3 |     1 ||     4
Armor: Scale mail        |    36 |    55 |    39 ||   130
Dodge: Dodged            |    37 |    47 |    36 ||   120
Block: Kite shield       |    58 |    72 |    84 ||   214

Table legend: (Time is in decaauts)
 A = Elapsed time spent in this place.
 B = Non-inter-level travel time spent in this place.
 C = Inter-level travel time spent in this place.
 D = Time resting spent in this place.
 E = Time spent auto-exploring this place.
 F = Levels seen in this place.
 G = Mean time per level.
                   A        B        C        D        E       F      G
               +--------+--------+--------+--------+--------+-----+--------+
         Total |   7190 |   7017 |    173 |   2226 |   3909 |   7 | 1027.1 |
       Dungeon |   6700 |   6527 |    173 |   1946 |   3782 |   6 | 1116.7 |
       Ossuary |    490 |    490 |      0 |    280 |    127 |   1 |  490.0 |
               +--------+--------+--------+--------+--------+-----+--------+

Top non-repeatable levels by time:
     D:4: 2218 daAuts
     D:5: 1269 daAuts
     D:1: 1245 daAuts
     D:2: 1218 daAuts
     D:3: 631 daAuts
 Ossuary: 490 daAuts
     D:6: 117 daAuts
